cohdb
Replays
Latest Replays
All Replays
Popular Replays
Top Player Replays
Match Explorer
How It Works
Community
CoH3 Stats
Reddit
Sign in to upload your games and track your stats! →
Sign in with Steam
Match 43683588
Unlisted
Match 43683588
Overview
Messages
Build Orders
End
Construct Infanterie Kompanie
Selects Terror Battlegroup
Selects Machine Gun Camouflage
Grenadier Squad
MG 42 Machine Gun Team
MG 42 Machine Gun Team
Grenadier Squad
Medical Station
Construct Panzergrenadier Kompanie
251 Medium Carrier
Selects Contempt for the Weak
Panzergrenadier Squad
Panzergrenadier Squad
Construct Panzer Kompanie
Selects Propaganda Leaflet Drop
Propaganda Leaflet Drop
Sturmpanzer IV Brummbär
Pioneer Squad
Propaganda Leaflet Drop
Selects V1 Rocket Strike
V1 Rocket Strike
Sturmpanzer IV Brummbär
Panzergrenadier Squad
De@d€ye
Pr3DaToR#
IronDragon
Your best друг
China Bunker Tactics
MatiS21
maschE
YuSufBa
0
0
Comments
sign in to comment!
No comments posted yet!